 Dungeon Crawl Stone Soup version 0.31-a0-986-g5e6e4ef867 (webtiles) character file.

Game seed: 2844823464226337118

270 grandjackal the Slasher (level 6, 0/48 HPs)
             Began as a Demonspawn Gladiator on Nov 20, 2023.
             Slain by a gnoll
             ... wielding a +0 halberd
              (4 damage)
             ... on level 2 of the Dungeon.
             The game lasted 00:03:47 (2292 turns).

grandjackal the Slasher (Demonspawn Gladiator)      Turns: 2292, Time: 00:03:47

Health: 0/48       AC:  4    Str: 16    XL:     6   Next: 1%
Magic:  15/15      EV: 12    Int:  9    God:
Gold:   85         SH:  6    Dex: 15    Spells: 3/5 levels left

rFire   . . .        a - +0 long sword
rCold   . . .        (no shield)
rNeg    . . .        b - +0 leather armour
rPois   .            c - +0 helmet
rElec   .            (no cloak)
rCorr   .            (no gloves)
SInv    .            (no boots)
Will    .....        (no amulet)
Stlth   +            k - ring of magical power
HPRegen 0.28/turn    (no ring)
MPRegen 0.28/turn

%: no passive effects
@: no status effects
A: large bone plates 2, magic regeneration
a: no special abilities


You were on level 2 of the Dungeon.
You visited 1 branch of the dungeon, and saw 3 of its levels.

You collected 113 gold pieces.
You spent 28 gold pieces at shops.

Inventory:

Hand Weapons
 a - a +0 long sword (weapon)
 o - a +2 dagger of venom
Missiles
 e - a javelin
 p - 2 throwing nets
Armour
 b - a +0 leather armour (worn)
 c - a +0 helmet (worn)
Jewellery
 g - an amulet of guardian spirit
 k - a ring of magical power (left hand)
Wands
 d - a wand of flame (27)
Scrolls
 f - a scroll of teleportation {unknown}
 h - a scroll of noise {unknown}
 i - a scroll of revelation {unknown}
 j - a scroll of poison {unknown}
 q - a scroll of torment {unknown}
Potions
 l - a potion of ambrosia
 m - a potion of magic {unknown}
 n - a potion of invisibility {unknown}


   Skills:
 + Level 3.8 Fighting
 + Level 4.0 Long Blades
 - Level 2.3 Throwing
 - Level 3.1 Dodging
 + Level 2.3 Translocations


You had 3 spell levels left.
You knew the following spells:

 Your Spells              Type           Power      Damage    Failure   Level
a - Blink                 Tloc           8%         N/A       30%         2

Your spell library contained the following spells:

 Spells                   Type           Power      Damage    Failure   Level
 Manifold Assault         Tloc           4%         N/A       89%         4


Dungeon Overview and Level Annotations

Branches:
Dungeon (3/15)

Altars:
Vehumet

Shops:
D:1 ?


Innate Abilities, Weirdness & Mutations

You are mostly covered in large bone plates. (SH +6)
You regenerate magic rapidly.


Message History

You are too injured to fight recklessly!
You are too injured to fight recklessly!
You hit the gnoll.
The gnoll is severely wounded.
The gnoll hits you with a +0 halberd.
You closely miss the gnoll.
The gnoll is severely wounded.
The gnoll hits you with a +0 halberd!
* * * LOW HITPOINT WARNING * * *
You barely miss the gnoll.
The gnoll is severely wounded.
The gnoll hits you with a +0 halberd.
* * * LOW HITPOINT WARNING * * *
You hit the gnoll.
The gnoll is severely wounded.
The gnoll misses you.
Unknown command.
Unknown command.
Unknown command.
Unknown command.
You barely miss the gnoll.
The gnoll is severely wounded.
You block the gnoll's attack. x2
You hit the gnoll.
The gnoll is almost dead.
The gnoll hits you but does no damage.
You hit the gnoll but do no damage.
The gnoll is almost dead.
You block the gnoll's attack.
You barely miss the gnoll.
The gnoll is almost dead.
The gnoll hits you with a +0 halberd.
* * * LOW HITPOINT WARNING * * *
You closely miss the gnoll.
The gnoll is almost dead.
The gnoll barely misses you.
You closely miss the gnoll.
The gnoll is almost dead.
The gnoll hits you with a +0 halberd.
You die...

#.....#.............
#.......###.........
#...).#.............
#.....#.###.........
#.....#.# #.........
#####.#.###......#..
#...............
####..####.....#..
###@................
#..g.....###.....#..
#...................
#.........#.........
#.........#.##...###
#.........#.##...#
#.........#.##...#
#.........#.##...##
#.................#


You could see a gnoll.

Vanquished Creatures
  Ijyb (D:3)
  Natasha (thrice) (D:2)
  Terence (D:2)
  An iguana (D:3)
  2 gnolls
  2 adders
  2 worms (D:2)
  4 dart slugs (D:1)
  11 endoplasms
  2 giant cockroaches
  6 goblins
  6 hobgoblins
  2 jackals (D:2)
  4 quokkas
  9 ball pythons
  5 bats
  A frilled lizard (D:2)
  7 kobolds
  4 rats
73 creatures vanquished.

Notes
Turn   | Place    | Note
-------+----------+-------------------------------------------
     0 | D:1      | grandjackal the Demonspawn Gladiator began the quest for
                  | the Orb.
     0 | D:1      | Reached XP level 1. HP: 16/16 MP: 1/1
    42 | D:1      | Gained mutation: You are partially covered in large bone
                  | plates. (SH +4) [demonic ancestry]
    42 | D:1      | Reached XP level 2. HP: 22/22 MP: 2/2
   284 | D:1      | Reached skill level 3 in Long Blades
   284 | D:1      | Gained mutation: You are mostly covered in large bone
                  | plates. (SH +6) [demonic ancestry]
   284 | D:1      | Reached XP level 3. HP: 4/28 MP: 3/3
   698 | D:1      | Learned a level 2 spell: Blink
   825 | D:1      | Found Acloic's Magic Scroll Emporium.
   833 | D:1      | Bought a scroll of identify for 28 gold pieces
  1228 | D:2      | Reached XP level 4. HP: 34/34 MP: 4/4
  1288 | D:2      | Found a radiant altar of Vehumet.
  1399 | D:2      | Noticed Terence
  1421 | D:2      | Killed Terence
  1422 | D:2      | Reached skill level 1 in Translocations
  1664 | D:2      | Noticed Natasha
  1672 | D:2      | Killed Natasha
  1740 | D:2      | Reached XP level 5. HP: 41/41 MP: 5/5
  1761 | D:2      | Noticed Natasha
  1770 | D:2      | Killed Natasha
  1882 | D:2      | Noticed Natasha
  1889 | D:2      | Killed Natasha
  1953 | D:3      | Noticed Ijyb
  1983 | D:3      | Killed Ijyb
  2167 | D:3      | Reached skill level 4 in Long Blades
  2201 | D:3      | Gained mutation: You regenerate magic rapidly. [demonic
                  | ancestry]
  2201 | D:3      | Reached XP level 6. HP: 31/48 MP: 6/6
  2292 | D:2      | Slain by a gnoll

Illustrated notes

Levels and vault maps discovered:
D:1:      dpeg_arrival_rooms_a, layout_loops_cross, serial_shops, shop,
          minmay_heptomino_d4
D:2:      layout_basic, basic_altar, uniq_natasha, uniq_terence
D:3:      layout_basic, nicolae_ecumenical_snake_handling,
          chequers_serial_rivers_large_a, uniq_sigmund, uniq_ijyb

Skill      XL: |  1  2  3  4  5 |
---------------+----------------+-----
Throwing       | 2 |  2.3
Long Blades    | 3 4 |  4.0
Dodging        | 3 |  3.1
Fighting       | 3 |  3.8
Translocations | 1 2 |  2.3

Action                     |  1- 3 |  4- 6 || total
---------------------------+-------+-------++-------
  Melee: Long sword        |   115 |   119 ||   234
         Punch             |     1 |     1 ||     2
         Dagger            |       |     8 ||     8
  Throw: Throwing net      |       |     3 ||     3
    Use: Scroll            |     3 |       ||     3
         Potion            |       |     1 ||     1
   Stab: Sleeping          |     1 |     1 ||     2
 Armour: Leather armour    |    60 |    66 ||   126
  Dodge: Dodged            |    75 |    73 ||   148
  Block: Other             |    35 |    33 ||    68

Table legend: (Time is in decaauts)
 A = Elapsed time spent in this place.
 B = Non-inter-level travel time spent in this place.
 C = Inter-level travel time spent in this place.
 D = Time resting spent in this place.
 E = Time spent auto-exploring this place.
 F = Levels seen in this place.
 G = Mean time per level.
                   A        B        C        D        E       F      G
               +--------+--------+--------+--------+--------+-----+--------+
         Total |   2343 |   2183 |    160 |    398 |   1156 |   3 |  781.0 |
       Dungeon |   2343 |   2183 |    160 |    398 |   1156 |   3 |  781.0 |
               +--------+--------+--------+--------+--------+-----+--------+

Top non-repeatable levels by time:
     D:1: 1003 daAuts
     D:2: 994 daAuts
     D:3: 345 daAuts
